 Dungeon Sprint DCSS version 0.26-a0-665-gefeb406119 (webtiles) character file.

Game seed: 8349411245517265297

112 mhtbhm the Insei (level 4, 0/42 HPs)
             Began as an Octopode Transmuter on Oct 15, 2020.
             Succumbed to a worker ant's poison
             ... in the Dungeon (Sprint IX: "|||||||||||||||||||||||||||||").
             The game lasted 00:00:13 (320 turns).

mhtbhm the Insei (Octopode Transmuter)               Turns: 320, Time: 00:00:14

Health: 0/42       AC:  1    Str: 10    XL:     4   Next: 93%
Magic:  4/9        EV: 14    Int: 15    God:
Gold:   0          SH:  0    Dex: 12    Spells: 9/10 levels left

rFire    . . .     SeeInvis .     - Unarmed
rCold    . . .     Faith    .   (no shield)
rNeg     . . .     Spirit   .   (helmet restricted)
rPois    .         Reflect  .   (no amulet)
rElec    .         Harm     .   (no ring)
rCorr    .         Rampage  .   (no ring)
MR       .....     NoTele   +   (no ring)
Stlth    ..........             (no ring)
HPRegen  0.14/turn              (no ring)
MPRegen  0.11/turn              (no ring)
                                (no ring)
                                (no ring)

@: berserking (expiring), lethally poisoned (0 -> -2), very quick
A: almost no armour, stealthy swim, amphibious, 8 rings, constrict 8, camouflage
1, gelatinous body 1
a: no special abilities


You were in the Dungeon.
You visited 1 branch

Inventory:

Scrolls
 g - a scroll of blinking
Potions
 b - a potion of curing
 c - a potion of heal wounds
 d - a potion of haste
 e - 2 potions of magic


   Skills:
 + Level 1.3 Fighting
 + Level 3.9 Dodging
 + Level 2.5 Stealth
 + Level 7.3 Unarmed Combat
 + Level 3.9 Spellcasting
 + Level 3.6 Transmutations


You had 9 spell levels left.
You knew the following spells:

 Your Spells              Type           Power        Failure   Level
a - Beastly Appendage     Tmut           ##....       4%          1

Your spell library contained the following spells:

 Spells                   Type           Power        Failure   Level
 Wereblood                Tmut           ##......     6%          2
 Spider Form              Tmut/Pois      #.........   26%         3
 Ice Form                 Ice/Tmut       #.......     65%         4
 Blade Hands              Tmut           ##........   75%         5


Dungeon Overview and Level Annotations

Branches:
Dungeon (1/1)

Altars:


Innate Abilities, Weirdness & Mutations

You cannot wear most types of armour.
You are very stealthy in the water. (Stealth+)
You are amphibious.
You can wear up to eight rings at the same time.
You can use your tentacles to constrict eight enemies at once.
Your skin changes colour to match your surroundings (Stealth+).
Your rubbery body absorbs attacks. (AC +1, EV +1)


Message History

You feel sick.
The phantom blinks!
The ogre hits you with a +0 giant club.
* * * LOW HITPOINT WARNING * * *
You bludgeon the ogre!
The ogre is heavily wounded.
Your tentacle spike disappears.
You tentacle-slap the ogre.
The ogre is severely wounded.
The ogre hits you with a +0 giant club.
* * * LOW HITPOINT WARNING * * *
You bludgeon the ogre!
You kill the ogre!
Your Stealth skill increases to level 2!
Your Unarmed Combat skill gained 2 levels and is now at level 7!
Your Transmutations skill increases to level 3!
You have reached level 4!
You bludgeon the worker ant! You grab the worker ant.
The worker ant is heavily wounded.
You constrict the worker ant, but do no damage.
You die... ▓▓▓▓▓▓▓▓▓▓▓▓▓▓▓▓▓▓ +..B@.'W..)÷)...<▓ ▓▓▓▓▓▓▓▓▓▓▓▓▓▓▓▓▓▓

You could see a phantom and a worker ant.

Vanquished Creatures
  An ogre (D)
  A worker ant (D)
  A bat skeleton (D)
  2 goblins (D)
  A hobgoblin (D)
  A jackal (D)
  A bat (D)
8 creatures vanquished.

Notes
Turn   | Place    | Note
-------+----------+-------------------------------------------
     0 | D        | mhtbhm the Octopode Transmuter began the quest for the Orb.
     0 | D        | Reached XP level 1. HP: 13/13 MP: 3/3
    13 | D        | Reached skill level 4 in Unarmed Combat
   304 | D        | Noticed a worker ant
   304 | D        | Noticed an ogre
   304 | D        | Noticed a phantom
   304 | D        | Noticed a worker ant
   306 | D        | Reached skill level 1 in Stealth
   306 | D        | Reached XP level 2. HP: 18/18 MP: 3/5
   311 | D        | Reached skill level 5 in Unarmed Combat
   311 | D        | Reached XP level 3. HP: 19/23 MP: 3/7
   318 | D        | HP: 1/34 [ogre/+0 giant club (4)]
   319 | D        | Killed an ogre
   319 | D        | Reached skill level 7 in Unarmed Combat
   319 | D        | Reached XP level 4. HP: 1/28 MP: 4/9
   320 | D        | Succumbed to a worker ant's poison

Illustrated notes

Levels and vault maps discovered:
D:        linesprint [early_d, line_temple, items_1, d_10, items_2, lair_1,
          lair_end, items_3, orc_1, orc_end, items_4, d_15, swamp_1, shoals_1,
          snake_1, spider_1, d_20, vaults_1, items_5, swamp_end, shoals_end,
          snake_end, spider_end, vaults_end, d_27, items_6, zot_1, zot_end,
          crypt_end, forest_end, elf_end, slime_end, tomb_end, abyss_end,
          pan_hell_end]

Skill      XL: |  1  2  3 |
---------------+----------+-----
Unarmed Combat | 4 5 7 |  7.3
Stealth        | 1 2 |  2.5
Dodging        | 3 |  3.9
Spellcasting   | 3 |  3.9
Transmutations | 3 |  3.6
Fighting       | |  1.3

Action                   |  1- 3 |  4- 6 || total
-------------------------+-------+-------++-------
Melee: Unarmed           |    18 |     1 ||    19
       Constrict         |     3 |     1 ||     4
       Kick              |     3 |       ||     3
       Tentacles         |     2 |       ||     2
 Cast: Beastly Appendage |     2 |       ||     2
  Use: Potion            |     1 |       ||     1
 Stab: Sleeping          |     1 |       ||     1
Dodge: Dodged            |     6 |       ||     6

Table legend: (Time is in decaauts)
 A = Elapsed time spent in this place.
 B = Non-inter-level travel time spent in this place.
 C = Inter-level travel time spent in this place.
 D = Time resting spent in this place.
 E = Time spent auto-exploring this place.
 F = Levels seen in this place.
 G = Mean time per level.
                   A        B        C        D        E       F      G
               +--------+--------+--------+--------+--------+-----+--------+
         Total |    314 |    314 |      0 |    285 |      3 |   1 |  314.0 |
       Dungeon |    314 |    314 |      0 |    285 |      3 |   1 |  314.0 |
               +--------+--------+--------+--------+--------+-----+--------+

Top non-repeatable levels by time:
       D: 314 daAuts
